 Dungeon Crawl Stone Soup version 0.30-a0-639-g3916f1956a (webtiles) character file.

Game seed: 7873162760776853597

19 elagabalus the Ducker (level 2, 14/14 HPs)
             Began as a Felid Berserker on Jan 15, 2023.
             Was a Follower of Trog.
             Quit the game on level 1 of the Dungeon.
             The game lasted 00:02:39 (243 turns).

elagabalus the Ducker (Felid Berserker)              Turns: 243, Time: 00:02:39

Health: 14/14      AC:  1    Str: 13    XL:     2   Next: 55%
Magic:  3/3        EV: 18    Int:  8    God:    Trog [*.....]
Gold:   62         SH:  0    Dex: 15    Spells: 1/1 levels left
                                        Lives:  0   Deaths: 0

rFire   . . .      SeeInvis +      - Unarmed
rCold   . . .      Faith    .    (shield unavailable)
rNeg    . . .      Spirit   .    (body armour unavailable)
rPois   .          Reflect  .    (helmet unavailable)
rElec   .          Harm     .    (cloak unavailable)
rCorr   .          Rampage  .    (gloves unavailable)
Will    .....                    (boots unavailable)
Stlth   +                        (no amulet)
HPRegen 0.22/turn                a - +4 ring of slaying
MPRegen 0.08/turn                (no ring)

@: quick
A: very small, claws 1, fangs 3, see invisible, speed 1, shaggy fur 1, stealthy
paws, no weapons or thrown items, no armour, multi-lived
a: Renounce Religion, Berserk


You were on level 1 of the Dungeon.
You worshipped Trog.
Trog was aware of your devotion.
You visited 1 branch of the dungeon, and saw 1 of its levels.

You collected 62 gold pieces.

Inventory:

Jewellery
 a - a +4 ring of slaying (left paw)
Scrolls
 b - a scroll of poison {unknown}
 c - a scroll of magic mapping {unknown}
 d - 2 scrolls of immolation {unknown}
Potions
 e - a potion of curing {unknown}


   Skills:
 - Level 3.0 Fighting
 - Level 4.0 Dodging
 * Level 3.9 Unarmed Combat


You had one spell level left.
You didn't know any spells.
Your spell library was empty.

Dungeon Overview and Level Annotations

Branches:
Dungeon (1/15)

Altars:


Innate Abilities, Weirdness & Mutations

You have sharp claws.
You have razor-sharp teeth.
You have supernaturally acute eyesight. (SInv)
You cover ground quickly. (Speed+)
You are covered in fur. (AC +1)
Your paws help you pounce on unaware monsters.
You are incapable of wielding weapons or throwing items.
You cannot wear armour.
You gain extra lives every three experience levels.


Message History

You kill the ball python!
Trog accepts your kill. The ball python completely misses you.
The ball python misses you.
You scratch the ball python.
You kill the ball python!
Trog accepts your kill.
Found a helmet and a dagger.
The hobgoblin shouts!
Found a stone staircase leading down.
You scratch the hobgoblin.
You kill the hobgoblin!
Trog accepts your kill.
You see here a +0 helmet.
Found a scroll labelled ZATECUUCEI.
d - 2 scrolls labelled ZATECUUCEI (gained 1)
Found a ring mail.
Found a sapphire potion.
Found 15 gold pieces.
e - a sapphire potion
There are no items here.
A rat comes into view.
The rat moves out of view.
A kobold comes into view. It is wielding a +0 whip.
The kobold shouts!
You see here 15 gold pieces.
You scratch the rat.
You kill the rat!
Trog accepts your kill.
The kobold throws a stone.
The stone hits you but does no damage.
You now have 62 gold pieces (gained 15).
The kobold throws a stone.
The stone barely misses you.
The kobold throws a stone.
The stone barely misses you. The kobold closely misses you.
You closely miss the kobold. The kobold misses you.
You claw the kobold!
You kill the kobold!
Trog accepts your kill.
Things that are here:
a +0 whip; 2 stones Are you sure you want to abandon this character and quit the game? (Confirm with "yes".)

#.#.# #.#.# #.#.###. ##
#.#........ #.
#.#####.### #
###########' #####.##
#.## .# #........'8.
[......#
#..#####.###........#..
.......#
##.#.......#...⌠....##+
.......####.....@..#
##..........
...............#####
######....<
.......####..### ##....
.............# #####
..)....####..# ###.>.##
#..# #...# #..# #...#
#..# # #...### #..###.#


There were no monsters in sight!

Vanquished Creatures
  3 ball pythons (D:1)
  An endoplasm (D:1)
  A goblin (D:1)
  3 hobgoblins (D:1)
  4 jackals (D:1)
  2 kobolds (D:1)
  A rat (D:1)
15 creatures vanquished.

Notes
Turn   | Place    | Note
-------+----------+-------------------------------------------
     0 | D:1      | elagabalus the Felid Berserker began the quest for the Orb.
     0 | D:1      | Reached XP level 1. HP: 10/10 MP: 2/2
    68 | D:1      | Reached XP level 2. HP: 8/14 MP: 3/3
   243 | D:1      | Quit the game

Illustrated notes

Levels and vault maps discovered:
D:1:      giann_wishing_wells, layout_loops_ring

Action                   || total
-------------------------++-------
Melee: Unarmed           ||    33
       Bite              ||     1
Armor: Skin              ||     2
Dodge: Dodged            ||    21

Table legend: (Time is in decaauts)
 A = Elapsed time spent in this place.
 B = Non-inter-level travel time spent in this place.
 C = Inter-level travel time spent in this place.
 D = Time resting spent in this place.
 E = Time spent auto-exploring this place.
 F = Levels seen in this place.
 G = Mean time per level.
                   A        B        C        D        E       F      G
               +--------+--------+--------+--------+--------+-----+--------+
         Total |    202 |     65 |    137 |      0 |      0 |   1 |  202.0 |
       Dungeon |    202 |     65 |    137 |      0 |      0 |   1 |  202.0 |
               +--------+--------+--------+--------+--------+-----+--------+

Top non-repeatable levels by time:
     D:1: 202 daAuts
